 Dungeon Crawl Stone Soup version 0.20-a0-1006-ge6c5631 (webtiles) character file.

203 FastMan the Shield-Bearer (level 6, -2/49 HPs)
             Began as a Formicid Fighter on Apr 14, 2017.
             Was an Initiate of Okawaru.
             Slain by an iguana (9 damage)
             ... on level 6 of the Dungeon.
             The game lasted 00:02:27 (2480 turns).

FastMan the Shield-Bearer (Formicid Fighter)        Turns: 2480, Time: 00:02:28

Health: -2/49      AC: 12    Str: 20    XL:     6   Next: 8%
Magic:  6/6        EV:  8    Int: 10    God:    Okawaru [......]
Gold:   195        SH: 10    Dex: 12    Spells: 5/5 levels left

rFire    . . .     SeeInvis +   a - +0 war axe
rCold    + . .     Gourm    .   c - +0 shield
rNeg     . . .     Faith    .   y - +3 scale mail of Muttered Phrases {rC+ SInv}
rPois    .         Spirit   .   (helmet unavailable)
rElec    .         Reflect  .   (no cloak)
rCorr    +         Harm     .   (no gloves)
MR       .....                  i - +1 pair of boots
Stlth    ..........             (no amulet)
Regen    0.2/turn               m - ring of resist corrosion
MPRegen  0.1/turn               n - +2 ring of intelligence

@: no status effects
A: permanent stasis, dig shafts and tunnels, four strong arms, antennae 3
a: Dig, Shaft Self, Renounce Religion


You were on level 6 of the Dungeon.
You worshipped Okawaru.
Okawaru was noncommittal.
You were hungry.

You visited 1 branch of the dungeon, and saw 6 of its levels.

You collected 195 gold pieces.

Inventory:

Hand Weapons
 a - a +0 war axe (weapon)
Armour
 b - a +0 scale mail
 c - a +0 shield (worn)
 d - a +0 chain mail
 i - a +1 pair of boots (worn)
 y - the +3 scale mail of Muttered Phrases (worn) {rC+ SInv}
   (You found it on level 4 of the Dungeon)

   It protects you from cold.
   It lets you see invisible.
Jewellery
 m - a ring of resist corrosion (left hand)
 n - a +2 ring of intelligence (right hand)
Scrolls
 j - a scroll of identify {@r1}
 q - 2 scrolls of remove curse {@r2}
Potions
 e - 2 potions of heal wounds {@q2}
 g - a potion of cancellation {unknown}
 h - 2 potions of agility {unknown}
 l - 2 potions of degeneration
 o - a potion of resistance {unknown}
 t - a potion of lignification
 u - 2 potions of flight {unknown}
 w - a potion of ambrosia {unknown}
 x - a potion of curing {unknown}
Comestibles
 f - 3 bread rations {@e1}
 k - 2 royal jellies {@e3}
 z - a fruit {@e4}


   Skills:
 + Level 4.5 Fighting
 * Level 4.2 Axes
 - Level 3.2 Armour
 + Level 4.8 Shields


You had 5 spell levels left.
You didn't know any spells.

Dungeon Overview and Level Annotations

Branches:
Dungeon (6/15)             Temple (0/1) D:4

Altars:
Cheibriados
Okawaru
Vehumet
Zin


Innate Abilities, Weirdness & Mutations

You cannot be hasted, slowed, berserked, paralysed or teleported.
You can dig through walls and to a lower floor.
Your four strong arms can wield two-handed weapons with a shield.
You have a pair of large antennae on your head. (SInv)


Message History

You hit the orc but do no damage. You block the orc's attack.
You block the iguana's attack.
You hit the iguana but do no damage. You hit the orc.
You kill the orc!
Okawaru accepts your kill. The iguana bites you!
You closely miss the iguana. The iguana bites you.
* * * LOW HITPOINT WARNING * * *
The iguana bites you but does no damage.
You hit the iguana but do no damage. The iguana bites you.
* * * LOW HITPOINT WARNING * * *
Unknown command.
You hit the iguana.
The iguana is lightly wounded.
The iguana closely misses you.
Unknown command.
You slash the iguana!
The iguana is severely wounded.
The iguana bites you!
You die...

.# ># .#
{ ###.###
{{
#.....#
#.....#.#
{
#.l.....#
#@....# {
#)....#
#.....#
#........
#.....##.
.....##
....).
.######


You could see an iguana.

Vanquished Creatures
  A hound (D:5)
  Terence (D:2)
  An iguana (D:4)
  3 adders (D:3)
  A shadow imp (D:5)
  An adder skeleton (D:5)
  3 worms
  2 dart slugs
  3 leopard geckos
  11 orcs
  4 giant cockroaches
  5 goblins
  6 hobgoblins
  2 jackals (D:5)
  2 quokkas
  4 ball pythons
  4 bats
  4 frilled lizards
  2 kobolds (D:3)
  A leopard gecko skeleton (D:5)
  A rat (D:1)
62 creatures vanquished.

Notes
Turn   | Place    | Note
-------+----------+-------------------------------------------
     0 | D:1      | FastMan the Formicid Fighter began the quest for the Orb.
     0 | D:1      | Reached XP level 1. HP: 18/18 MP: 1/1
   215 | D:1      | Reached XP level 2. HP: 22/24 MP: 2/2
   462 | D:1      | Reached XP level 3. HP: 27/29 MP: 3/3
   701 | D:2      | Noticed Terence
   712 | D:2      | Killed Terence
   712 | D:2      | Reached XP level 4. HP: 16/37 MP: 4/4
  1381 | D:3      | Found an iron altar of Okawaru.
  1463 | D:3      | Became a worshipper of Warmaster Okawaru
  1515 | D:3      | Reached XP level 5. HP: 31/42 MP: 5/5
  1890 | D:4      | Got a spiked scale mail
  1901 | D:4      | Identified the +3 scale mail of Muttered Phrases {rC+ SInv} (You found it on level 4 of the Dungeon)
  2143 | D:4      | Found a staircase to the Ecumenical Temple.
  2234 | D:5      | Entered Level 5 of the Dungeon
  2255 | D:5      | Found a snail-covered altar of Cheibriados.
  2365 | D:5      | Found a radiant altar of Vehumet.
  2395 | D:5      | Found a glowing silver altar of Zin.
  2425 | D:5      | Reached XP level 6. HP: 36/49 MP: 6/6
  2448 | D:5      | Noticed an ogre
  2480 | D:6      | Slain by an iguana

Vault maps used:
D:1:      lemuel_arrival_behind_the_door_large
D:2:      kennysheep_goblin_castle, first_bread, trog_book, uniq_terence,
          uniq_robin
D:3:      okawaru_gym_becter
D:4:      minmay_temple_entry_fiery, eino_small_chamber_without_monster
D:5:      old_standard_altar, lemuel_crystal_altar, fiery_altar_vehumet,
          nicolae_ru_the_path_less_chosen, hex_medium,
          kennysheep_generic_room_10
D:6:      minitemple, gup_sewer_entry_pipe, fountainhead,
          sigmund_edmund_badplayer

Skill      XL: |  1  2  3  4  5 |
---------------+----------------+-----
Shields        | 4 |  4.8
Axes           | 3 4 |  4.2
Fighting       | 4 |  4.5
Armour         | |  3.2

Action                   |  1- 3 |  4- 6 || total
-------------------------+-------+-------++-------
Melee: War axe           |   129 |   166 ||   295
  Use: Potion            |     1 |       ||     1
       Scroll            |       |    10 ||    10
  Eat: Chunk             |       |     5 ||     5
Armor: Scale mail        |    59 |    31 ||    90
       Chain mail        |       |    47 ||    47
Dodge: Dodged            |    41 |    53 ||    94
Block: Shield            |    81 |    94 ||   175
